 Dungeon Crawl Stone Soup version 0.24.0-37-gcf1ca852f1 (webtiles) character file.

Game seed: 4297673078315738664, levelgen mode: deterministic

942 Descartes the Skirmisher (level 8, -3/62 HPs)
             Began as a Formicid Abyssal Knight on Dec 4, 2019.
             Was a Priest of Lugonu.
             Slain by a catoblepas (9 damage)
             ... while petrified by you
             ... on level 5 of the Dungeon.
             The game lasted 00:15:26 (5233 turns).

Descartes the Skirmisher (Formicid Abyssal Knight)  Turns: 5233, Time: 00:15:27

Health: -3/62      AC:  8    Str: 18    XL:     8   Next: 34%
Magic:  11/11      EV:  2    Int: 12    God:    Lugonu [***...]
Gold:   251        SH:  0    Dex: 16    Spells: 7/7 levels left

rFire    . . .     SeeInvis +   q - +2 hand axe (elec)
rCold    . . .     Gourm    .   (no shield)
rNeg     + + +     Faith    .   K - +1 ring mail "Siurud" {rPois Dex+5} (curse)
rPois    ∞         Spirit   .   (helmet unavailable)
rElec    .         Reflect  .   D - +0 cloak
rCorr    .         Harm     .   (no gloves)
MR       .....                  (no boots)
Stlth    +.........             (no amulet)
HPRegen  0.20/turn              n - ring of flight
MPRegen  0.12/turn              (no ring)

@: petrified
A: permanent stasis, dig shafts and tunnels, four strong arms, antennae 3
a: Dig, Shaft Self, Depart the Abyss, Bend Space, Banish, Renounce Religion,
Evoke Flight


You were on level 5 of the Dungeon.
You worshipped Lugonu.
Lugonu was most pleased with you.
You were not hungry.

You visited 2 branches of the dungeon, and saw 7 of its levels.
You visited the Abyss 1 time.
You also visited: Sewer.

You collected 251 gold pieces.

Inventory:

Hand Weapons
 a - a +0 flail
 f - a +0 war axe
 q - a +2 hand axe of electrocution (weapon)
 x - a +4 scythe of venom
 C - a +2 hand axe of freezing
Missiles
 i - 249 stones (quivered)
 r - 42 poisoned darts
 z - 22 arrows
 F - 6 atropa-tipped darts
Armour
 b - a +0 leather armour
 d - a scarf of cloud immunity
 h - a +0 ring mail
 D - a +0 cloak (worn)
 E - a +0 scale mail
 K - the cursed +1 ring mail "Siurud" (worn) {rPois Dex+5}
   (You found it on level 5 of the Dungeon)

   It affects your dexterity (+5).
   It protects you from poison.
   It has a curse placed upon it.
Jewellery
 n - a ring of flight (left hand)
Wands
 v - a wand of digging (6)
 y - a wand of disintegration (10)
 L - a wand of flame (15)
Scrolls
 e - a scroll of teleportation {unknown}
 g - 2 scrolls of magic mapping
 k - 2 scrolls of enchant armour {unknown}
 l - a scroll of amnesia
 m - 2 scrolls of fog {unknown}
 o - 4 scrolls of noise
 t - 5 scrolls of remove curse
 A - a scroll of enchant weapon {unknown}
 B - 3 scrolls of immolation
 M - a scroll of random uselessness {unknown}
Potions
 j - 4 potions of curing
 p - 3 potions of flight
 s - a potion of heal wounds {unknown}
 w - a potion of magic {unknown}
 I - a potion of agility {unknown}
 J - a potion of berserk rage {unknown}
Comestibles
 c - 11 rations
 H - 2 chunks of flesh


   Skills:
 + Level 5.2 Fighting
 + Level 3.9(4.3) Axes
 + Level 2.3(3.4) Polearms
 + Level 4.4 Armour
 + Level 3.3 Dodging
 + Level 4.9 Invocations
 + Level 2.6 Evocations


You had 7 spell levels left.
You didn't know any spells.
Your spell library contained the following spells:

 Spells                   Type           Power        Failure   Level  Hunger
 Magic Dart               Conj           #...         50%         1    ##.....
 Call Imp                 Summ           #.......     63%         2    ###....
 Slow                     Hex            #.......     63%         2    ###....
 Conjure Flame            Conj/Fire      #.......     86%         3    ####...
 Mephitic Cloud           Conj/Pois/Air  #.......     86%         3    ####...
 Blink                    Tloc           Unusable     N/A         2    N/A

Dungeon Overview and Level Annotations

Branches:
Dungeon (6/15)             Temple (1/1) D:5           Sewer (visited)

Altars:
Ashenzari
Dithmenos
Fedhas
Gozag
Hepliaklqana
Kikubaaqudgha
Makhleb
Nemelex Xobeh
Okawaru
Qazlal
Ru
Sif Muna
Trog
Uskayaw
Vehumet
Wu Jian
Yredelemnul
Zin
The Shining One

Shops:
D:4 (


Innate Abilities, Weirdness & Mutations

You cannot be hasted, slowed, berserked, paralysed or teleported.
You can dig through walls and to a lower floor.
Your four strong arms can wield two-handed weapons with a shield.
You have a pair of large antennae on your head. (SInv)


Message History

The leopard gecko hisses menacingly.
The leopard gecko bites you.
The catoblepas breathes a plume of calcifying dust at you.
The blast of calcifying dust hits you.
You have turned to stone.
You are engulfed in calcifying dust.
The leopard gecko bites you but does no damage.
The catoblepas gores you!!
The leopard gecko bites you but does no damage.
The catoblepas gores you.
The leopard gecko bites you but does no damage.
The leopard gecko bites you.
The catoblepas gores you but does no damage.
The leopard gecko bites you but does no damage.
The catoblepas gores you!! The leopard gecko barely misses you.
The catoblepas gores you!!
* * * LOW HITPOINT WARNING * * *
The leopard gecko bites you. The catoblepas gores you!
* * * LOW HITPOINT WARNING * * *
The leopard gecko bites you. The catoblepas gores you!!
You die...

...##.##..# ...#......#######
.##.#...........##
...#..#########..#
##.#.##...©...##.#
#.#.#8..#§#..8#.######
##...#..#...#.$#......#
.....#.......).#.l###.#
##..©#..©....$W#@..##.########
##..#.......!.#Y............##
####.#.W#...#$$#....#.###...>.#
.# #.#8..#.#..8#......# #.....#
.# #.##.......##.###### #.....#
.###..#########).# #.....#
..###...........## #.....# ..#
#####.##.##.###########.### ..#
#........#.......# #.#


You could see a catoblepas, a phantom and a leopard gecko.

Vanquished Creatures
  Grinder (D:3)
  Sigmund (D:2)
  An ogre (D:5)
  A big kobold (Sewer)
  A crimson imp (D:5)
  2 hounds
  An orc priest (D:6)
  A bullfrog skeleton (D:5)
  3 iguanas (D:5)
  An orc wizard (D:6)
  A worker ant (D:5)
  A hound zombie (D:3)
  Robin (D:4)
  3 adders
  3 worms
  3 dart slugs
  3 leopard geckos
  10 orcs
  4 ball pythons
  4 giant cockroaches
  7 goblins
  9 hobgoblins
  2 jackals (Sewer)
  10 kobolds
  2 quokkas
  6 bats
  4 frilled lizards
  A quokka zombie (D:5)
  6 rats
93 creatures vanquished.

Notes
Turn   | Place    | Note
-------+----------+-------------------------------------------
     0 | Abyss:1  | Descartes the Formicid Abyssal Knight began the quest for
                  | the Orb.
     0 | Abyss:1  | Reached XP level 1. HP: 18/18 MP: 2/2
     7 | Abyss:1  | Found a corrupted altar of Lugonu.
    35 | D:1      | Escaped the Abyss
   178 | D:1      | Reached skill level 1 in Dodging
   328 | D:1      | Reached XP level 2. HP: 21/24 MP: 3/3
   622 | D:1      | Reached ** piety under Lugonu
   622 | D:1      | Reached XP level 3. HP: 29/29 MP: 4/4
   768 | D:2      | Found a shadowy altar of Dithmenos.
  1208 | D:2      | Noticed Sigmund
  1219 | D:2      | Killed Sigmund
  1219 | D:2      | Reached skill level 4 in Fighting
  1219 | D:2      | Reached XP level 4. HP: 12/37 MP: 6/6
  1219 | D:2      | Reached XP level 5. HP: 14/42 MP: 7/7
  1219 | D:2      | Reached XP level 6. HP: 16/48 MP: 8/8
  1690 | D:3      | Found an opulent altar of Gozag.
  1725 | D:3      | Noticed Grinder
  1759 | D:3      | You fall into a shaft and drop 3 floors!
  2290 | D:5      | Entered Level 5 of the Dungeon
  2300 | D:5      | Found a burning altar of Makhleb.
  2359 | D:5      | Found a glowing drain.
  2364 | Sewer    | Entered a sewer
  2449 | Sewer    | Reached skill level 1 in Polearms
  2449 | Sewer    | Reached skill level 1 in Evocations
  2509 | Sewer    | Found a white marble altar of Elyvilon.
  2617 | D:5      | Reached XP level 7. HP: 44/55 MP: 10/10
  2786 | D:4      | Found a hazy altar of Hepliaklqana.
  2823 | D:4      | Found Giosyh's Antique Weapon Shop.
  2926 | D:4      | Found a shimmering blue altar of Sif Muna.
  3092 | D:4      | Noticed Robin
  3104 | D:4      | Killed Robin
  3208 | D:4      | Found an iron altar of Okawaru.
  3377 | D:3      | Found a sparkling altar of Nemelex Xobeh.
  3719 | D:3      | Killed Grinder
  4021 | D:3      | Reached skill level 5 in Fighting
  4096 | D:3      | Reached *** piety under Lugonu
  4398 | D:5      | Noticed a catoblepas
  4400 | D:5      | Found a transporter.
  4408 | D:5      | Got a translucent ring mail
  4419 | D:5      | Identified the cursed +1 ring mail "Siurud" {rPois Dex+5}
                  | (You found it on level 5 of the Dungeon)
  4419 | D:5      | Found a transporter.
  4432 | D:5      | Reached XP level 8. HP: 55/62 MP: 11/11
  4491 | D:5      | Found a staircase to the Ecumenical Temple.
  4501 | Temple   | Entered the Ecumenical Temple
  5233 | D:5      | Slain by a catoblepas

Levels and vault maps discovered:
D:1:      dpeg_chamrin_arrival_tetris, layout_loops_ring, minmay_misc_feat_tower
D:2:      layout_loops_ring, grunt_dithmenos_smoke_and_mirrors, uniq_sigmund
D:3:      layout_loops_corners, lemuel_crystal_altar,
          nicolae_gozag_seed_capital, uniq_grinder
D:4:      layout_rooms, nicolae_overflow_crystal_walls, lemuel_round_altar,
          nicolae_overflow_hidden_temple, first_ration, serial_shops, shop,
          uniq_robin
D:5:      layout_loops_cross, gammafunk_temple_overflow_arena,
          minmay_temple_entry_waves, portal_sewer_entry_e
D:6:      layout_basic, elyvilon_altar_4
Temple:   nicolae_temple_god_jail

Skill      XL: |  1  2  3  4  5  6  7  8 |
---------------+-------------------------+-----
Dodging        | 1 2 3 |  3.3
Fighting       | 4 5 |  5.2
Armour         | 3 4 |  4.4
Invocations    | 3 4 |  4.9
Axes           | 3 |  3.9
Polearms       | 1 2 |  2.3
Evocations     | 1 2 |  2.6

Action                   |  1- 3 |  4- 6 |  7- 9 || total
-------------------------+-------+-------+-------++-------
Melee: Hand axe          |    72 |    51 |   143 ||   266
       Scythe            |       |    37 |       ||    37
 Abil: Dig               |       |     1 |     2 ||     3
  Use: Scroll            |       |     6 |     2 ||     8
       Potion            |       |     1 |       ||     1
  Eat: Chunk             |     1 |     5 |     9 ||    15
Armor: Leather armour    |     5 |       |       ||     5
       Ring mail         |    30 |    38 |    20 ||    88
       Scale mail        |       |       |    37 ||    37
Dodge: Dodged            |    44 |    41 |    75 ||   160
